 Dungeon Crawl Stone Soup version 0.30-a0-859-gf88a04b62d (webtiles) character file.

Game seed: 7031126972348134365

3 jispwoso the Trooper (level 1, 0/14 HPs)
             Began as a Gargoyle Berserker on Mar 6, 2023.
             Was a Follower of Trog.
             Slain by a hobgoblin (2 damage)
             ... on level 1 of the Dungeon.
             The game lasted 00:00:23 (63 turns).

jispwoso the Trooper (Gargoyle Berserker)             Turns: 63, Time: 00:00:23

Health: 0/14       AC:  4    Str: 20    XL:     1   Next: 50%
Magic:  1/1        EV: 11    Int:  7    God:    Trog [*.....]
Gold:   8          SH:  0    Dex:  9    Spells: 0/0 levels left

rFire   . . .      SeeInvis .    a - +0 mace
rCold   . . .      Faith    .    (no shield)
rNeg    + . .      Spirit   .    b - +0 animal skin
rPois   ∞          Reflect  .    (no helmet)
rElec   +          Rampage  .    (no cloak)
rCorr   .                        (no gloves)
Will    .....                    (no boots)
Stlth   +                        (no amulet)
HPRegen 0.22/turn                (no ring)
MPRegen 0.07/turn                (no ring)

@: on berserk cooldown, slowed, very slow
A: sickness immunity, AC +2, negative energy resistance 1, electricity
resistance, torment resistance 1, petrification resistance
a: Renounce Religion, Berserk


You were on level 1 of the Dungeon.
You worshipped Trog.
Trog was aware of your devotion.
You visited 1 branch of the dungeon, and saw 1 of its levels.

You collected 8 gold pieces.

Inventory:

Hand Weapons
 a - a +0 mace (weapon)
Armour
 b - a +0 animal skin (worn)


   Skills:
 + Level 3.3 Fighting
 + Level 3.0 Maces & Flails
 + Level 2.2 Armour
 + Level 1.6 Dodging


You couldn't memorise any spells.
You didn't know any spells.
Your spell library was empty.

Dungeon Overview and Level Annotations

Branches:
Dungeon (1/15)

Altars:


Innate Abilities, Weirdness & Mutations

You are immune to sickness and miasma.
Your stone body is resilient. (AC +2)
You are immune to poison.
You resist negative energy. (rN+)
You are resistant to electric shocks. (rElec)
You are resistant to unholy torment.
You are immune to petrification.


Message History

You are exhausted.
You feel yourself slow down.
A rat comes into view.
A hobgoblin comes into view.
The hobgoblin shouts!
You hear an angry hiss.
You hear a shout!
A kobold comes into view. It is wielding a +0 short sword.
A frilled lizard comes into view.
A hobgoblin comes into view.
A rat and a bat come into view.
The frilled lizard hisses angrily.
A goblin comes into view. It is wielding a +0 dagger.
An endoplasm comes into view.
You see here a scroll labelled FEOCZO XIRPHAI.
The rat attacks as you move away! The rat closely misses you.
The bat hits you but does no damage. The rat attacks as you move away!
The rat bites you but does no damage. The bat hits you but does no damage.
The rat bites you.
* * * LOW HITPOINT WARNING * * *
You barely miss the rat. The rat bites you.
* * * LOW HITPOINT WARNING * * *
A goblin comes into view. It is wielding a +0 dagger.
The rat barely misses you.
The goblin moves out of view.
You hit the rat.
You kill the rat!
Trog accepts your kill. The bat hits you but does no damage.
A frilled lizard comes into view.
The hobgoblin hits you.
* * * LOW HITPOINT WARNING * * *
Okay, then.
You aren't carrying any scrolls.
You aren't carrying any potions.
You aren't carrying any scrolls.
The frilled lizard hisses angrily.
You hear a shout!
The hobgoblin closely misses you.
A rat comes into view.
The hobgoblin barely misses you.
You hit the hobgoblin.
The hobgoblin is heavily wounded.
The hobgoblin hits you.
You die...

...........# #.......
...........# ♣..#####
...........# #♣♣..#.P..
..#...........###~...#....
...#............#♣.♣..#....
................##♣...+...<
....J...........# ##..#....
........##..##### #..#####
........##@...### ##.......
...r...bKg......##♣~.......
.......rl####...#...≈♣##.#.
.......?g# #......### #.#
.........# ##......# ♣#
........r# ##.#.......
.........# #.##.......
.......... .......#.##
........... .......##...


You could see 2 hobgoblins, a bat, a kobold, a frilled lizard and 2 rats.

Vanquished Creatures
  2 jackals (D:1)
  A rat (D:1)
3 creatures vanquished.

Notes
Turn   | Place    | Note
-------+----------+-------------------------------------------
     0 | D:1      | jispwoso the Gargoyle Berserker began the quest for the
                  | Orb.
     0 | D:1      | Reached XP level 1. HP: 14/14 MP: 1/1
    63 | D:1      | Slain by a hobgoblin

Illustrated notes

Levels and vault maps discovered:
D:1:      saegor_arrival_under_anarchy, layout_basic,
          ebering_ecumenical_altar_rust

Action                     || total
---------------------------++-------
  Melee: Mace              ||    13
 Invoke: Berserk           ||     1
 Armour: Animal skin       ||     6
  Dodge: Dodged            ||    16

Table legend: (Time is in decaauts)
 A = Elapsed time spent in this place.
 B = Non-inter-level travel time spent in this place.
 C = Inter-level travel time spent in this place.
 D = Time resting spent in this place.
 E = Time spent auto-exploring this place.
 F = Levels seen in this place.
 G = Mean time per level.
                   A        B        C        D        E       F      G
               +--------+--------+--------+--------+--------+-----+--------+
         Total |     68 |     68 |      0 |      0 |     36 |   1 |   68.0 |
       Dungeon |     68 |     68 |      0 |      0 |     36 |   1 |   68.0 |
               +--------+--------+--------+--------+--------+-----+--------+

Top non-repeatable levels by time:
     D:1: 68 daAuts
